 Dungeon Crawl Stone Soup version 0.21.1-1-g345015f (webtiles) character file.

122450 toffzen the Devastator (level 16, -20/97 HPs)
             Began as a Deep Elf Fire Elementalist on Jan 23, 2018.
             Was a High Priest of Vehumet.
             Killed from afar by a nagaraja (30 damage)
             ... with a poison arrow
             ... on level 2 of the Snake Pit on Feb 9, 2018.
             The game lasted 02:32:04 (42564 turns).

toffzen the Devastator (DEFE)                      Turns: 42564, Time: 02:32:06

Health: -20/97     AC:  3    Str:  5    XL:     16   Next: 34%
Magic:  36/47      EV: 18    Int: 28    God:    Vehumet [*****.]
Gold:   1813       SH:  0    Dex: 15    Spells: 17/48 levels left

rFire    . . .     SeeInvis .   u - staff of conjuration
rCold    . . .     Gourm    .   (no shield)
rNeg     . . .     Faith    .   a - +0 robe
rPois    +         Spirit   .   (no helmet)
rElec    .         Reflect  .   (no cloak)
rCorr    .         Harm     .   T - +0 pair of gloves
MR       +....                  (no boots)
Stlth    ++........             o - amulet of rage
HPRegen  0.26/turn              Q - ring of magical power
MPRegen  0.30/turn              E - ring of poison resistance

@: lethally poisoned (-20 -> -28), constricted
A: no striking features
a: Renounce Religion, Evoke Berserk Rage


You were on level 2 of the Snake Pit.
You worshipped Vehumet.
Vehumet was extremely pleased with you.
You were very hungry.

You visited 5 branches of the dungeon, and saw 26 of its levels.

You collected 2429 gold pieces.
You spent 616 gold pieces at shops.

Inventory:

Hand Weapons
 e - a +0 dagger
Missiles
 k - 454 stones (quivered)
 l - a throwing net
Armour
 a - a +0 robe (worn)
 T - a +0 pair of gloves (worn)
Magical Staves
 u - an uncursed staff of conjuration (weapon)
Jewellery
 n - an uncursed ring of resist corrosion
 o - an amulet of rage (around neck)
 E - a ring of poison resistance (right hand)
 Q - a ring of magical power (left hand)
Wands
 d - a wand of digging (8)
 f - a wand of enslavement (7)
 x - a wand of acid (12)
 y - a wand of paralysis (14)
 G - a wand of iceblast (27)
 J - a wand of polymorph (10)
Scrolls
 h - a scroll of fog
 r - 6 scrolls of teleportation
 s - a scroll of enchant weapon
 t - a scroll of vulnerability
 z - 4 scrolls of immolation
 B - a scroll of enchant armour
 D - 3 scrolls of amnesia
 H - 2 scrolls of fear
 I - 6 scrolls of remove curse
 L - a scroll of summoning
 O - 2 scrolls of acquirement {unknown}
 P - 2 scrolls of silence
 W - a scroll of brand weapon {unknown}
 Z - a scroll of magic mapping {unknown}
Potions
 g - 4 potions of magic
 i - 4 potions of mutation
 j - 6 potions of agility
 m - 2 potions of haste
 p - a potion of flight
 v - 3 potions of cancellation
 w - a potion of heal wounds
 A - 8 potions of curing
 N - 8 potions of degeneration
 R - 2 potions of ambrosia
 U - 4 potions of resistance
 V - 2 potions of berserk rage
 X - 4 potions of might
 Y - a potion of lignification
Books
 b - a book of Flames

   Spells                             Type                      Level
   a - Flame Tongue                   Conjuration/Fire             1
   b - Throw Flame                    Conjuration/Fire             2
   c - Conjure Flame                  Conjuration/Fire             3
   d - Inner Flame                    Hexes/Fire                   3
   e - Sticky Flame                   Conjuration/Fire             4
   f - Fireball                       Conjuration/Fire             5
 q - a book of Power

   Spells                             Type                      Level
   a - Iskenderun's Battlesphere      Conjuration/Charms           5
   b - Venom Bolt                     Conjuration/Poison           5
   c - Bolt of Magma                  Conjuration/Fire/Earth       5
   d - Iron Shot                      Conjuration/Earth            6
   e - Orb of Destruction             Conjuration                  7
   f - Spellforged Servitor           Conjuration/Summoning        7
 K - a book of Party Tricks

   Spells                             Type                      Level
   a - Summon Butterflies             Summoning                    1
   b - Apportation                    Translocation                1
   c - Lesser Beckoning               Translocation                3
   d - Tukima's Dance                 Hexes                        3
   e - Alistair's Intoxication        Transmutation/Poison         5
   f - Invisibility                   Hexes                        6
 M - a book of Misfortune

   Spells                             Type                      Level
   a - Confusing Touch                Hexes                        1
   b - Confuse                        Hexes                        3
   c - Gell's Gravitas                Translocation                3
   d - Petrify                        Transmutation/Earth          4
   e - Metabolic Englaciation         Hexes/Ice                    5
   f - Yara's Violent Unravelling     Hexes/Transmutation          5
Miscellaneous
 C - a lamp of fire
 S - a sack of spiders
Comestibles
 F - 20 rations


   Skills:
 + Level 10.3 Fighting
 + Level 12.1 Dodging
 - Level 2.4 Stealth
 + Level 16.5 Spellcasting
 - Level 17.2 Conjurations
 - Level 13.1 Fire Magic
 * Level 9.4 Earth Magic


You had 17 spell levels left.
You knew the following spells:

 Your Spells              Type           Power        Failure   Level  Hunger
a - Flame Tongue          Conj/Fire      #####        0%          1    None
b - Conjure Flame         Conj/Fire      ########     0%          3    None
c - Sticky Flame          Conj/Fire      ########     1%          4    None
d - Fireball              Conj/Fire      ########..   1%          5    None
e - Bolt of Magma         Conj/Fire/Erth #######...   1%          5    None
f - Orb of Destruction    Conj           ########..   1%          7    #####..
g - Iron Shot             Conj/Erth      #######...   1%          6    ###....


Dungeon Overview and Level Annotations

Branches:
Dungeon (15/15)            Temple (1/1) D:7            Lair (6/6) D:8
  Swamp (0/4) Lair:2        Snake (2/4) Lair:2        Slime (0/5) Lair:5
    Orc (2/2) D:11            Elf (0/3) Orc:2        Vaults (0/5) D:13
 Depths (0/5) D:15

Altars:
Ashenzari
Cheibriados
Dithmenos
Elyvilon
Fedhas
Gozag
Hepliaklqana
Kikubaaqudgha
Makhleb
Nemelex Xobeh
Qazlal
Ru
Sif Muna
Trog
Uskayaw
Vehumet
Wu Jian
Xom
Yredelemnul
Zin
The Shining One

Shops:
D:4 [}%=   Orc:2 %(![

Portals:
Hell: Lair:6

Annotations:
D:2 Sigmund
D:4 1 exclusion, Eustachio
Lair:1 exclusion: oklob plant
Lair:6 exclusion: oklob plant


Message History

Aim: an anaconda (almost dead, constricting you)
You feel a surge of power!
The iron shot misses the anaconda.
The anaconda bites you! The anaconda constricts you.
The anaconda closely misses you. x2; The anaconda constricts you.
The anaconda bites you!
* * * LOW HITPOINT WARNING * * *
A black mamba comes into view.
The anaconda's grasp on you weakens, but your attempt to escape fails.
The anaconda barely misses you.
* * * LOW HITPOINT WARNING * * *
The anaconda constricts you. The anaconda bites you.
* * * LOW HITPOINT WARNING * * *
The anaconda bites you but does no damage.
* * * LOW HITPOINT WARNING * * *
The anaconda constricts you. The nagaraja casts a spell at you.
The poison arrow hits you!
You are poisoned.
You partially resist.
You die...

#.. .. #.N .
###.. #..
...#.. ....
......# .....
.......##......
#....†S@...#
#.....S......#
....##..#......
... .....S#...
# ..#.. .# ..
..###.... S ...
.. .. ....
...#.S


You could see a nagaraja, 2 anacondas, a shock serpent and 2 black mambas.

Vanquished Creatures
  Frances (Snake:1)
  The ghost of garbagetei the Protected, an adept GrFE of Ashenzari (Snake:1)
  An emperor scorpion (D:15)
  An orc warlord (Orc:2)
  Nessos (D:15)
  2 dire elephants
  The ghost of Monsterracer the Spear-Bearer, a journeyman HuWz of Ru (Lair:5)
  8 vault guards
  An ice dragon (Lair:5)
  6 naga warriors (Snake:1)
  6 hydras
  4 catoblepae
  8 anacondas
  6 two-headed ogres
  2 centaur warriors
  2 death knights (D:15)
  11 death yaks
  4 orc high priests (Orc:2)
  2 shock serpents (Snake:1)
  Urug (D:15)
  A salamander mystic (Lair:2)
  A sixfirhy (Lair:6)
  5 skeletal warriors
  2 unseen horrors
  A wizard (Lair:6)
  2 naga ritualists
  An orc knight (Orc:1)
  2 wolf spider zombies
  16 ugly things
  An orc sorcerer (Orc:2)
  A deep elf mage (D:14)
  9 mana vipers
  A manticore (D:11)
  A cyclops (D:15)
  4 salamanders
  7 elephants (Lair:6)
  A guardian serpent (Snake:1)
  18 black mambas
  2 naga magi (Snake:1)
  A centaur zombie (D:10)
  Psyche (D:11)
  An orange demon (Lair:6)
  4 gargoyles
  A centaur skeleton (D:11)
  11 spiny frogs
  4 rime drakes
  4 komodo dragons
  A freezing wraith (D:15)
  A hellwing (Lair:6)
  3 ice devils (Lair:6)
  A queen bee (D:15)
  6 trolls
  2 merfolk
  2 red devils (Lair:6)
  4 polar bears
  3 meliai (D:15)
  Grinder (D:6)
  12 hippogriffs
  A hornet (D:14)
  2 slime creatures (D:15)
  9 blink frogs (Lair:6)
  42 yaks
  2 wyverns
  7 wraiths
  2 basilisks (Lair:6)
  2 steam dragons (D:14)
  A hungry ghost (D:10)
  A warg (Orc:2)
  7 vampire mosquitoes
  10 nagas
  14 water moccasins
  4 hell hounds (Lair:6)
  4 porcupines
  A swamp drake (D:11)
  25 orc warriors
  3 black bears
  5 ice beasts
  5 sky beasts
  2 phantoms
  15 ogres
  12 wolves
  14 centaurs
  12 crocodiles
  11 bullfrogs
  4 big kobolds
  A gnoll sergeant (D:13)
  2 water moccasin skeletons
  7 scorpions
  43 killer bees
  5 wights (D:15)
  An electric eel (D:9)
  4 howler monkeys
  2 bullfrog zombies
  8 crimson imps
  33 orc priests
  4 jellies
  A gnoll shaman (Orc:1)
  14 hounds
  5 iguanas
  35 orc wizards
  15 worker ants
  A hound skeleton (D:9)
  A howler monkey zombie (D:10)
  A worker ant zombie (D:10)
  8 gnolls
  10 adders
  6 shadow imps
  2 oozes
  An adder skeleton (D:7)
  A worm (D:2)
  3 dart slugs (D:1)
  9 leopard geckos
  64 orcs
  3 giant cockroaches
  9 hobgoblins
  3 jackals (D:3)
  5 quokkas
  9 bats
  4 frilled lizards
  3 goblins
  33 kobolds
  A leopard gecko skeleton (D:4)
  A quokka skeleton (D:3)
  6 rats
  10 bushes
  A fungus (D:8)
  2 plants (D:8)
802 creatures vanquished.

Vanquished Creatures (others)
  14 bushes
  33 fungi
  35 plants
82 creatures vanquished.

Grand Total: 884 creatures vanquished

Notes
Turn   | Place    | Note
-------+----------+-------------------------------------------
     0 | D:1      | toffzen the Deep Elf Fire Elementalist began the quest for the Orb.
     0 | D:1      | Reached XP level 1. HP: 10/10 MP: 6/6
   307 | D:1      | Reached XP level 2. HP: 15/15 MP: 5/8
   401 | D:1      | Reached skill level 2 in Conjurations
   916 | D:2      | Noticed Sigmund
   981 | D:2      | Reached XP level 3. HP: 19/19 MP: 8/10
  1002 | D:2      | Learned a level 3 spell: Conjure Flame
  1102 | D:2      | Found a sacrificial altar of Ru.
  1215 | D:2      | Found an ancient bone altar of Kikubaaqudgha.
  1559 | D:2      | Reached skill level 3 in Conjurations
  2026 | D:3      | Reached XP level 4. HP: 24/24 MP: 6/11
  2070 | D:3      | Learned a level 4 spell: Sticky Flame
  2636 | D:3      | Found a shattered altar of Ashenzari.
  2638 | D:3      | Found a deep blue altar of Sif Muna.
  2700 | D:4      | Found Diehi's Gadget Shop.
  2700 | D:4      | Found Kokemiev's Jewellery Shop.
  2700 | D:4      | Found Usog's Antique Armour Shop.
  2701 | D:4      | Found Seczuuc's Food Shop.
  2889 | D:4      | Reached XP level 5. HP: 28/28 MP: 10/13
  2949 | D:4      | Reached skill level 4 in Conjurations
  2978 | D:4      | Learned a level 5 spell: Fireball
  3718 | D:4      | Noticed Eustachio
  3802 | D:4      | Reached skill level 5 in Spellcasting
  3802 | D:4      | Reached XP level 6. HP: 32/32 MP: 5/15
  3911 | D:4      | Reached skill level 5 in Conjurations
  4152 | D:5      | Entered Level 5 of the Dungeon
  4177 | D:5      | Noticed a sky beast
  4330 | D:5      | Noticed a two-headed ogre
  4429 | D:5      | Killed a sky beast
  4429 | D:5      | Reached skill level 5 in Fire Magic
  4429 | D:5      | Reached XP level 7. HP: 36/36 MP: 6/17
  4499 | D:5      | Reached skill level 6 in Conjurations
  5539 | D:6      | Noticed Grinder
  5565 | D:6      | Paralysed by Grinder for 4 turns
  5569 | D:6      | Killed Grinder
  5569 | D:6      | Reached skill level 7 in Conjurations
  5569 | D:6      | Reached XP level 8. HP: 5/41 MP: 3/20
  5862 | D:6      | Found a snail-covered altar of Cheibriados.
  6503 | D:6      | Reached skill level 8 in Conjurations
  7692 | D:7      | Found a white marble altar of Elyvilon.
  7710 | D:7      | Reached skill level 9 in Conjurations
  7990 | D:7      | Reached skill level 1 in Fighting
  7990 | D:7      | Reached XP level 9. HP: 47/47 MP: 15/23
  8238 | D:7      | Found a staircase to the Ecumenical Temple.
  8249 | Temple   | Entered the Ecumenical Temple
  8438 | Temple   | Became a worshipper of Vehumet
  8553 | D:7      | Found a hide-covered altar of Uskayaw.
  8620 | D:7      | Found a glowing silver altar of Zin.
  8621 | D:7      | Found a burning altar of Makhleb.
  8623 | D:7      | Noticed an Executioner
  8623 | D:7      | Noticed an angel
  9864 | D:8      | Reached skill level 10 in Conjurations
 10548 | D:8      | Reached * piety under Vehumet
 10548 | D:8      | Offered knowledge of Magic Dart by Vehumet.
 10710 | D:8      | Found a staircase to the Lair.
 11073 | Lair:1   | Entered Level 1 of the Lair of Beasts
 11095 | Lair:1   | Reached XP level 10. HP: 56/56 MP: 16/25
 11228 | Lair:1   | Noticed an oklob plant
 11558 | Lair:1   | Reached skill level 11 in Conjurations
 11677 | Lair:1   | Noticed a spiny frog
 11682 | Lair:1   | Killed a spiny frog
 11890 | Lair:1   | Noticed a spiny frog
 11897 | Lair:1   | Killed a spiny frog
 11897 | Lair:1   | Reached skill level 10 in Spellcasting
 13518 | Lair:2   | Noticed a spiny frog
 13609 | Lair:2   | Noticed a black mamba
 13691 | Lair:2   | Reached skill level 12 in Conjurations
 13693 | Lair:2   | Reached ** piety under Vehumet
 13946 | Lair:2   | Noticed a black mamba
 13951 | Lair:2   | Killed a black mamba
 13951 | Lair:2   | Offered knowledge of Sting by Vehumet.
 13951 | Lair:2   | Reached XP level 11. HP: 55/62 MP: 14/27
 14487 | Lair:2   | Found a staircase to the Swamp.
 14495 | Lair:2   | Found a staircase to the Snake Pit.
 15335 | Lair:2   | Reached skill level 5 in Fighting
 16287 | Lair:3   | Reached skill level 10 in Fire Magic
 16381 | Lair:3   | Reached skill level 13 in Conjurations
 16442 | Lair:3   | Noticed a six-headed hydra
 16450 | Lair:3   | Killed a six-headed hydra
 17690 | Lair:4   | Noticed a six-headed hydra
 17694 | Lair:4   | Killed a six-headed hydra
 17986 | Lair:4   | Noticed a death yak
 17987 | Lair:4   | Noticed a death yak
 17988 | Lair:4   | Noticed a death yak
 17989 | Lair:4   | Noticed a death yak
 17989 | Lair:4   | Noticed a death yak
 17990 | Lair:4   | Noticed a death yak
 18019 | Lair:4   | Killed a death yak
 18052 | Lair:3   | Killed a death yak
 18052 | Lair:3   | Reached XP level 12. HP: 13/70 MP: 20/30
 18372 | Lair:4   | Killed a death yak
 18376 | Lair:4   | Killed a death yak
 18571 | Lair:4   | Upgraded the game from 0.21.0-25-ge575cb9 to 0.21.1-1-g345015f
 18975 | Lair:5   | Noticed Monsterracer's ghost (journeyman HuWz)
 18990 | Lair:5   | Killed Monsterracer's ghost
 19129 | Lair:5   | Reached skill level 14 in Conjurations
 19178 | Lair:5   | Offered knowledge of Static Discharge by Vehumet.
 19257 | Lair:5   | Found a staircase to the Slime Pits.
 19322 | Lair:5   | Noticed a catoblepas
 19333 | Lair:5   | Noticed a five-headed hydra
 19333 | Lair:5   | Killed a catoblepas
 19336 | Lair:5   | Killed a five-headed hydra
 19446 | Lair:5   | Found a frozen archway.
 19449 | Lair:5   | Noticed an ice dragon
 19452 | Lair:5   | Reached skill level 5 in Dodging
 19455 | Lair:5   | Reached *** piety under Vehumet
 19461 | Lair:5   | Killed an ice dragon
 20023 | Lair:6   | Entered Level 6 of the Lair of Beasts
 20251 | Lair:6   | Offered knowledge of Ignite Poison by Vehumet.
 20465 | Lair:6   | Noticed an eight-headed hydra
 20466 | Lair:6   | Killed an eight-headed hydra
 20518 | Lair:6   | Reached XP level 13. HP: 40/76 MP: 12/32
 20733 | Lair:6   | Reached skill level 15 in Conjurations
 21310 | Lair:6   | Reached **** piety under Vehumet
 21505 | Lair:6   | Offered knowledge of Bolt of Magma by Vehumet.
 21575 | Lair:5   | Learned a level 5 spell: Bolt of Magma
 22482 | Lair:6   | Noticed a dire elephant
 22490 | Lair:6   | Killed a dire elephant
 23190 | Lair:6   | Found a burning altar of Makhleb.
 23196 | Lair:6   | Found a gateway to Hell.
 23969 | D:9      | Reached ***** piety under Vehumet
 24159 | D:9      | Offered knowledge of Ozocubu's Refrigeration by Vehumet.
 24164 | D:9      | Reached skill level 16 in Conjurations
 24565 | D:9      | Found a glowing golden altar of the Shining One.
 24875 | D:10     | Entered Level 10 of the Dungeon
 24893 | D:10     | Reached XP level 14. HP: 81/84 MP: 10/34
 25105 | D:10     | Learned a level 7 spell: Orb of Destruction
 26178 | D:11     | Found a staircase to the Orcish Mines.
 26286 | D:11     | Offered knowledge of Airstrike by Vehumet.
 26324 | D:11     | Noticed Psyche
 26325 | D:11     | Killed Psyche
 29465 | D:13     | Found a shattered altar of Ashenzari.
 29947 | D:13     | Found a gate to the Vaults.
 30648 | D:14     | Offered knowledge of Conjure Ball Lightning by Vehumet.
 30654 | D:14     | Reached skill level 17 in Conjurations
 32211 | D:14     | Reached skill level 15 in Spellcasting
 32431 | D:15     | Entered Level 15 of the Dungeon
 32434 | D:15     | Noticed Nessos
 32434 | D:15     | Reached skill level 10 in Dodging
 32435 | D:15     | Reached XP level 15. HP: 62/90 MP: 29/36
 32685 | D:15     | Noticed Urug
 33034 | D:14     | Learned a level 6 spell: Iron Shot
 33223 | D:15     | Reached skill level 1 in Earth Magic
 33509 | D:15     | Killed Nessos
 34237 | D:15     | Killed Urug
 34783 | D:15     | Offered knowledge of Lee's Rapid Deconstruction by Vehumet.
 35213 | D:15     | Found a snail-covered altar of Cheibriados.
 35348 | D:15     | Reached skill level 5 in Earth Magic
 35584 | D:15     | Found a staircase to the Depths.
 35791 | Orc:1    | Entered Level 1 of the Orcish Mines
 36548 | Orc:2    | Entered Level 2 of the Orcish Mines
 36548 | Orc:2    | Found a staircase to the Elven Halls.
 36677 | Orc:2    | Noticed an orc warlord
 36679 | Orc:2    | Killed an orc warlord
 36682 | Orc:2    | Offered knowledge of Bolt of Fire by Vehumet.
 37360 | Orc:2    | Paralysed by an orc sorcerer for 4 turns
 37878 | Orc:2    | Found Tohovva's Food Shoppe.
 37878 | Orc:2    | Found Esackidu's Distillery.
 37958 | Orc:2    | Found Siustyxkie's Antique Armour Emporium.
 37961 | Orc:2    | Found Ydigutt's Weapon Shoppe.
 37969 | Orc:2    | Bought a potion of haste for 140 gold pieces
 37969 | Orc:2    | Bought 2 potions of magic for 224 gold pieces
 37969 | Orc:2    | Bought a potion of resistance for 140 gold pieces
 37969 | Orc:2    | Bought a potion of magic for 112 gold pieces
 38463 | Snake:1  | Entered Level 1 of the Snake Pit
 38465 | Snake:1  | Noticed Frances
 39793 | Snake:1  | Killed Frances
 40007 | Lair:2   | Reached skill level 10 in Fighting
 40007 | Lair:2   | Reached XP level 16. HP: 26/97 MP: 37/38
 40302 | Snake:1  | Offered knowledge of Bolt of Cold by Vehumet.
 40318 | Snake:1  | Noticed garbagetei's ghost (adept GrFE)
 40570 | Snake:1  | Killed garbagetei's ghost
 42349 | Snake:1  | Found a bloodstained altar of Trog.
 42564 | Snake:2  | Killed from afar by a nagaraja

Skill      XL: |  1  2  3  4  5  6  7  8  9 10 11 12 13 14 15 16 |
---------------+-------------------------------------------------+-----
Conjurations   | 2 3 4 5 7 9 10 12 13 14 16 17 | 17.2
Spellcasting   | 4 5 6 8 9 10 12 13 14 15 16 | 16.5
Fire Magic     | 4 5 6 7 8 9 10 11 12 13 | 13.1
Fighting       | 1 3 4 6 7 8 9 10 | 10.3
Dodging        | 3 6 8 10 11 12 | 12.1
Earth Magic    | 7 9 |  9.4
Stealth        | |  2.4

Action                   |  1- 3 |  4- 6 |  7- 9 | 10-12 | 13-15 | 16-18 || total
-------------------------+-------+-------+-------+-------+-------+-------++-------
Melee: Dagger            |     2 |       |     3 |     3 |     2 |       ||    10
       Staff             |       |       |       |       |     2 |       ||     2
 Fire: Hunting sling     |       |       |    18 |       |       |       ||    18
Throw: Stone             |     1 |       |     1 |       |       |       ||     2
 Cast: Flame Tongue      |    71 |    76 |   227 |   121 |    29 |       ||   524
       Conjure Flame     |     2 |    15 |    39 |    26 |     5 |       ||    87
       Sticky Flame      |       |       |    15 |    27 |     8 |       ||    50
       Fireball          |       |       |    20 |   143 |   451 |    47 ||   661
       Bolt of Magma     |       |       |       |       |   119 |       ||   119
       Orb of Destructio |       |       |       |       |     4 |     2 ||     6
       Iron Shot         |       |       |       |       |    74 |    37 ||   111
Evoke: Wand              |       |       |     6 |     2 |    22 |       ||    30
  Use: Scroll            |       |     6 |     5 |     6 |    15 |     2 ||    34
       Potion            |       |       |     1 |     3 |     9 |     1 ||    14
  Eat: Ration            |     1 |     2 |     7 |     8 |    14 |     3 ||    35
       Chunk             |       |     1 |     3 |    14 |    35 |       ||    53
Armor: Robe              |     4 |     2 |     5 |     2 |    12 |     3 ||    28
Dodge: Dodged            |     7 |     5 |    29 |    30 |   174 |    33 ||   278
